Map: Ascension to Aiur LE

Players

Nax

  • Race: Zerg Zerg
  • League: Master
  • Spawn Location: 11:00

Florencio - Winner!

  • Race: Protoss Protoss
  • League: Master
  • Spawn Location: 5:00

VOD

Have the link to the VOD?

Description

Time

  • Played on: Jan. 16, 2018, 10:50 p.m.
  • Length: 24:02
Show
View Real Time Build Order
Export as new Build Order

Nax Zerg 

Build Orders: Hatch First 

Get SALT Encoding   

  12  0:01  Drone  
  13  0:12  Overlord  
  13  0:17  Drone  
  14  0:31  Drone x2  
  14  0:35  Drone  
  17  0:56  Drone  
  18  0:58  Hatchery  
  18  1:00  Extractor  
  16  1:13  Spawning Pool  
  16  1:17  Drone  
  16  1:20  Drone  
  16  1:24  Drone  
  18  1:33  Drone  
  19  1:43  Drone  
  20  2:07  Metabolic Boost, Queen  
  22  2:10  Zergling x6  
  22  2:12  Queen  
  27  2:16  Overlord  
  27  2:25  Drone  
  28  2:41  Drone x3  
  31  2:45  Queen  
  34  2:51  Zergling x4  
  35  3:02  Zergling x2  
  36  3:06  Spine Crawler  
  36  3:07  Spine Crawler  
  36  3:10  Spine Crawler  
  36  3:11  Spine Crawler, Overlord  
  32  3:13  Drone x2  
  33  3:23  Queen  
  35  3:37  Zergling x8  
  35  3:40  Drone x2  
  35  3:57  Zergling x10  
  37  4:06  Drone x2  
  39  4:11  Drone  
  39  4:13  Drone  
  39  4:19  Drone x2  
  39  4:22  Drone x2  
  39  4:23  Drone  
  42  4:25  Extractor  
  41  4:39  Drone x3  
  44  4:51  Spine Crawler  
  42  4:53  Spine Crawler  
  42  4:54  Spine Crawler  
  42  4:57  Drone x4  
  44  5:09  Overlord x2  
  44  5:10  Overlord  
  44  5:18  Lair  
  44  5:22  Baneling Nest  
  42  5:37  Drone  
  42  5:38  Drone x2  
  45  5:43  Drone x3  
  45  5:44  Spine Crawler  
  45  5:45  Spine Crawler  
  43  6:04  Drone x2  
  43  6:08  Zergling x18  
  53  6:17  Spine Crawler  
  53  6:18  Spine Crawler  
  51  6:24  Drone, Spine Crawler  
  51  6:27  Baneling x5, Spine Crawler x2  
  51  6:29  Baneling  
  51  6:30  Baneling  
  49  6:37  Drone x2  
  51  6:45  Spine Crawler  
  51  6:46  Spine Crawler  
  49  6:51  Baneling  
  49  6:52  Baneling x9  
  49  6:56  Drone x2  
  41  7:16  Zergling x6  
  41  7:17  Zergling x8  
  41  7:21  Overseer  
  41  7:22  Queen  
  49  7:33  Spire  
  49  7:36  Baneling  
  49  7:37  Baneling x2  
  43  7:58  Queen, Drone x2  
  45  8:00  Spore Crawler  
  45  8:01  Spore Crawler  
  44  8:27  Overlord x2  
  44  8:29  Extractor, Overlord  
  44  8:30  Queen, Extractor  
  44  8:34  Queen  
  46  8:46  Mutalisk x3  
  52  8:56  Spore Crawler, Spine Crawler  
  52  8:57  Spine Crawler  
  52  8:59  Spine Crawler  
  52  9:00  Spine Crawler  
  47  9:04  Mutalisk  
  47  9:09  Queen  
  49  9:10  Mutalisk  
  53  9:21  Mutalisk  
  54  9:24  Zergling x2  
  54  9:25  Zergling x2  
  54  9:29  Spine Crawler  
  54  9:30  Spine Crawler x2  
  54  9:31  Spine Crawler  
  49  9:56  Mutalisk  
  49  9:57  Mutalisk x2  
  51  10:19  Mutalisk x2  
  47  10:39  Drone x8  
  53  10:45  Spore Crawler  
  53  10:47  Mutalisk x3  
  58  10:59  Queen  
  61  11:04  Drone x2  
  56  11:23  Zergling x2  
  56  11:24  Zergling x4  
  51  11:34  Drone  
  51  11:35  Drone x3  
  51  11:37  Hatchery  
  49  11:56  Queen  
  49  12:10  Hydralisk Den  
  48  12:25  Baneling  
  48  12:26  Baneling x2  
  42  12:39  Hydralisk x8  
  42  12:42  Muscular Augments  
  58  12:48  Overseer  
  58  12:58  Hydralisk  
  58  12:59  Hydralisk x2  
  61  13:13  Nydus Network  
  61  13:15  Drone x3  
  61  13:32  Drone  
  58  13:43  Drone  
  58  13:44  Spawning Pool, Drone x3  
  55  13:50  Hydralisk  
  56  13:56  Drone  
  56  13:57  Drone  
  56  14:02  Drone x2  
  60  14:13  Overlord x2  
  60  14:27  Overlord  
  60  14:34  Lair  
  60  14:36  Hydralisk x3  
  66  14:39  Drone  
  67  14:51  Zergling x2  
  67  14:52  Zergling x6  
  69  15:03  Hydralisk x3  
  69  15:04  Hydralisk  
  73  15:13  Hydralisk x2  
  43  15:47  Extractor x2, Drone x3  
  44  15:54  Drone x9  
  53  15:57  Extractor  
  52  16:23  Hydralisk x5  
  62  16:30  Hatchery  
  61  16:33  Evolution Chamber  
  61  16:34  Evolution Chamber  
  59  16:49  Hydralisk x4  
  67  16:57  Nydus Canal  
  67  17:07  Zerg Missile Weapons Level 1  
  67  17:10  Overlord x3  
  67  17:28  Hydralisk x3  
  67  17:29  Hydralisk  
  75  17:43  Queen  
  77  17:46  Hydralisk x2  
  81  18:05  Hydralisk  
  81  18:06  Hydralisk x2  
  81  18:08  Drone x6  
  93  18:14  Overlord  
  93  18:33  Overseer  
  93  18:34  Overseer  
  93  18:39  Zerg Ground Armor Level 1  
  93  18:43  Spore Crawler, Extractor, Drone x6  
  93  18:44  Extractor  
  93  19:09  Hydralisk x5  
  93  19:10  Hydralisk  
  99  19:30  Drone x4  
  103  19:41  Spire  
  103  19:42  Drone x2  
  92  19:58  Hydralisk x3  
  94  20:07  Hydralisk Den  
  94  20:13  Zergling x10  
  84  20:52  Mutalisk x4  
  86  21:02  Mutalisk, Spine Crawler x2  
  86  21:03  Spine Crawler  
  81  21:04  Spine Crawler  
  81  21:05  Spine Crawler  
  62  21:42  Hydralisk  
  62  21:43  Hydralisk x2  
  66  21:56  Hatchery  
  65  22:14  Zergling x10  
  68  22:25  Corruptor  
  63  22:53  Mutalisk  
  59  23:02  Corruptor x3  
  50  23:25  Hydralisk  
  50  23:26  Hydralisk  
Show
View Real Time Build Order
Export as new Build Order

Florencio Protoss - Winner!

Build Orders: 1 Gate Expand 

Get SALT Encoding   

  12  0:01  Probe  
  13  0:13  Probe  
  14  0:24  Pylon  
  14  0:25  Probe  
  15  0:42  Probe  
  16  0:43  Gateway  
  16  0:57  Gateway  
  16  0:58  Probe  
  17  1:10  Probe  
  18  1:29  Nexus  
  18  1:36  Zealot  
  20  1:44  Zealot (Chrono Boost)  
  22  1:52  Forge  
  22  2:03  Pylon  
  22  2:20  Zealot x2 (Chrono Boost)  
  26  2:33  Photon Cannon  
  25  2:52  Pylon  
  25  3:12  Photon Cannon  
  25  3:13  Photon Cannon  
  25  3:17  Photon Cannon  
  25  3:28  Probe  
  26  3:40  Probe  
  25  3:53  Probe x2  
  27  4:05  Probe  
  28  4:19  Assimilator  
  28  4:23  Assimilator  
  26  4:31  Assimilator  
  26  4:36  Cybernetics Core  
  26  4:45  Probe (Chrono Boost)  
  27  4:54  Probe (Chrono Boost)  
  28  5:06  Probe  
  29  5:10  Assimilator  
  29  5:15  Robotics Facility  
  29  5:22  Pylon, Shield Battery  
  29  5:31  Probe (Chrono Boost), Shield Battery  
  29  5:35  Pylon  
  31  5:36  Probe (Chrono Boost)  
  31  5:38  Zealot  
  31  5:41  Probe (Chrono Boost)  
  34  5:44  Probe (Chrono Boost)  
  32  6:03  Immortal (Chrono Boost)  
  35  6:13  Probe  
  35  6:16  Assimilator  
  36  6:36  Observer (Chrono Boost), Stargate  
  36  6:39  Pylon  
  37  6:42  Pylon  
  37  6:52  Probe  
  38  7:04  Probe  
  30  7:17  Void Ray (Chrono Boost)  
  35  7:22  Immortal (Chrono Boost), Probe (Chrono Boost)  
  35  7:23  Assimilator  
  35  7:28  Probe (Chrono Boost)  
  42  7:38  Probe x2 (Chrono Boost)  
  42  7:40  Shield Battery  
  41  7:45  Probe  
  37  8:24  Shield Battery  
  37  8:26  Shield Battery  
  37  8:44  Void Ray  
  37  9:28  Immortal  
  45  9:35  Probe  
  45  9:36  Probe  
  47  9:41  Phoenix (Chrono Boost)  
  40  9:59  Probe  
  41  10:01  Phoenix (Chrono Boost)  
  43  10:11  Probe  
  44  10:23  Probe  
  45  10:35  Probe  
  45  10:37  Stalker x2  
  39  11:21  Void Ray (Chrono Boost)  
  39  11:22  Probe  
  43  11:34  Probe  
  44  11:46  Probe  
  37  11:55  Stalker  
  37  11:56  Stalker  
  37  11:58  Probe  
  42  12:10  Probe x2 (Chrono Boost)  
  45  12:23  Probe (Chrono Boost)  
  45  12:25  Stalker  
  47  12:30  Probe (Chrono Boost)  
  47  12:42  Stalker  
  49  12:55  Stalker  
  51  13:12  Stalker  
  53  13:17  Void Ray  
  53  13:19  Immortal  
  61  13:21  Probe  
  61  13:25  Assimilator  
  62  13:46  Pylon  
  62  13:50  Pylon  
  62  13:58  Immortal  
  62  14:00  Void Ray (Chrono Boost)  
  70  14:12  Nexus  
  70  14:34  Pylon  
  70  14:36  Assimilator  
  70  14:40  Assimilator  
  70  14:48  Nexus, Pylon  
  32  15:54  Robotics Bay  
  30  15:58  Oracle  
  30  16:00  Robotics Facility  
  30  16:01  Robotics Facility  
  30  16:02  Probe  
  30  16:03  Probe  
  35  16:07  Immortal (Chrono Boost)  
  35  16:08  Photon Cannon  
  39  16:14  Probe  
  39  16:15  Probe  
  41  16:21  Pylon  
  41  16:25  Probe  
  42  16:26  Probe  
  42  16:27  Probe  
  44  16:38  Probe (Chrono Boost)  
  51  16:40  Probe x2 (Chrono Boost)  
  51  16:46  Immortal (Chrono Boost)  
  51  16:48  Assimilator  
  51  16:52  Assimilator, Probe (Chrono Boost)  
  53  16:55  Probe (Chrono Boost)  
  53  16:56  Colossus (Chrono Boost)  
  53  16:57  Probe (Chrono Boost), Colossus (Chrono Boost)  
  66  17:02  Probe (Chrono Boost)  
  68  17:11  Probe (Chrono Boost)  
  68  17:14  Probe (Chrono Boost)  
  69  17:19  Probe (Chrono Boost)  
  69  17:20  Probe (Chrono Boost)  
  71  17:29  Probe  
  72  17:30  Probe  
  72  17:34  Colossus  
  79  17:42  Colossus  
  84  17:57  Colossus  
  83  18:08  Probe (Chrono Boost)  
  83  18:16  Extended Thermal Lance (Chrono Boost)  
  83  18:17  Probe (Chrono Boost)  
  83  18:18  Probe (Chrono Boost)  
  83  18:19  Probe (Chrono Boost)  
  82  18:22  Probe (Chrono Boost)  
  82  18:26  Pylon, Probe  
  84  18:27  Probe  
  85  18:34  Probe  
  85  18:39  Probe  
  87  18:46  Probe  
  85  19:05  Colossus  
  97  19:31  Gateway  
  97  19:32  Probe  
  97  19:33  Gateway  
  97  19:35  Gateway  
  98  19:39  Pylon  
  98  19:40  Pylon  
  97  20:05  Void Ray  
  97  20:06  Immortal  
  99  20:45  Cybernetics Core  
  99  20:47  Gateway  
  99  20:48  Gateway  
  99  20:52  Pylon  
  99  20:54  Gateway  
  85  21:09  Zealot x3 (Chrono Boost)  
  86  21:30  Shield Battery  
  84  21:36  Shield Battery  
  80  21:41  Stalker x3  
  80  21:42  Shield Battery  
  80  21:44  Shield Battery  
  80  21:45  Pylon  
  86  21:47  Pylon  
  82  21:58  Zealot  
  77  22:06  Stalker  
  75  22:11  Stalker x2  
  78  22:16  Stalker  
  78  22:25  Stalker, Probe  
  80  22:36  Stalker  
  82  22:38  Probe  
  82  22:41  Stalker x2  
  78  22:54  Stalker  
  78  22:55  Stalker  
  50  23:13  Stalker  
  45  23:29  Pylon, Probe  
  45  23:37  Pylon  
Tags
 
Add a new tag
Caveats
  • Supply blocks, unpowered buildings, or Contaminate may cause inaccurate times.
  • Supply counts are checked every 10 seconds.